 Dungeon Crawl Stone Soup version 0.19.0-24-gb05acd6 (console) character file.

114 Kloppie the Cudgeler (level 4, -3/30 HPs)
             Began as a Gargoyle Berserker on Nov 23, 2016.
             Was a Believer of Trog.
             Slain by a gnoll
             ... wielding a +2 halberd of flaming
              (11 damage)
             ... on level 2 of the Dungeon.
             The game lasted 00:02:38 (1637 turns).

Kloppie the Cudgeler (Gargoyle Berserker)           Turns: 1637, Time: 00:02:38

Health: -3/30      AC: 12    Str: 21    XL:     4   Next: 98%
Magic:  4/4        EV:  8    Int:  7    God:    Trog [**....]
Gold:   88         SH:  0    Dex: 10    Spells: 0 memorised, 3 levels left

rFire  . . .     SeeInvis .     a - +0 mace
rCold  . . .     Gourm    .     b - +0 chain mail
rNeg   + . .     Faith    .     (no shield)
rPois  ∞         Spirit   .     (no helmet)
rElec  +         Reflect  .     (no cloak)
rCorr  .         Harm     .     (no gloves)
MR     .....                    (no boots)
Stlth  ..........               (no amulet)
                                (no ring)
                                (no ring)

@: exhausted, slowed, very slow
A: negative energy resistance 1, electricity resistance, unbreathing,
petrification resistance, rot immunity, AC +3
a: Berserk, Trog's Hand, Burn Spellbooks, Renounce Religion


You were on level 2 of the Dungeon.
You worshipped Trog.
Trog was pleased with you.
You were very hungry.

You visited 1 branch of the dungeon, and saw 2 of its levels.

You collected 88 gold pieces.

Inventory:

Hand Weapons
 a - a +0 mace (weapon)
Armour
 b - a +0 chain mail (worn)
Scrolls
 e - a scroll of enchant weapon {unknown}
 g - a scroll of identify {unknown}
 h - a scroll of remove curse {unknown}
 i - 3 scrolls of teleportation {unknown}
 p - a scroll of recharging {unknown}
 q - a scroll of magic mapping {unknown}
Potions
 j - a potion of lignification {unknown}
 k - a potion of cancellation {unknown}
 l - 2 potions of ambrosia {unknown}
Comestibles
 c - a bread ration
 d - 4 chunks of flesh
 f - a beef jerky
 m - a meat ration
 n - a slice of pizza
 o - a royal jelly


   Skills:
 + Level 4.4 Fighting
 * Level 4.7 Maces & Flails
 - Level 2.1 Armour
 - Level 1.5 Dodging


You had 3 spell levels left.
You didn't know any spells.

Dungeon Overview and Level Annotations

Branches:
Dungeon (2/15)

Altars:
Fedhas
Ru


Innate Abilities, Weirdness & Mutations

You are resistant to torment.
Your stone body is resilient. (AC +3)
You are immune to poison.
You resist negative energy. (rN+)
You are resistant to electric shocks. (rElec)
You can survive without breathing.
You are immune to petrification.
You are immune to rotting.


Message History

You are exhausted.
You feel yourself slow down. The gnoll barely misses you. x2
You hit the gnoll but do no damage.
The gnoll is heavily wounded.
The gnoll hits you but does no damage.
The gnoll hits you from afar with a halberd of flaming.
* * * LOW HITPOINT WARNING * * *
The gnoll burns you.
* * * LOW HITPOINT WARNING * * *
The gnoll hits you but does no damage.
You sock the gnoll!
You kill the gnoll!
Trog accepts your kill. The gnoll closely misses you.
The gnoll hits you from afar with a halberd of flaming.
* * * LOW HITPOINT WARNING * * *
The gnoll burns you.
* * * LOW HITPOINT WARNING * * *
The gnoll hits you from afar with a halberd of flaming!
You die...

##..#####.##
#..##
_#..#########
#.##
#.##..........
#.# ##.
##.########
#.# #.. #.##
##### #.###.#
#..###....
#..##†#
##..##....
##.##.#
##.##....
#.@.)#
#.##....
####g#
##.##.... #)#
#..####.# #.#
##.## #.# #..
#..# #.# ##.
##.## #.#
#.##..######.#
_#.^.......>.
#############


You could see a gnoll.

Vanquished Creatures
  3 gnolls (D:2)
  3 oozes
  6 worms (D:2)
  A dart slug (D:1)
  A leopard gecko (D:1)
  2 giant cockroaches (D:2)
  7 goblins
  5 hobgoblins
  3 jackals (D:1)
  6 kobolds
  A quokka (D:2)
  A ball python (D:1)
  7 bats
  A frilled lizard (D:2)
  8 rats
55 creatures vanquished.

Notes
Turn   | Place    | Note
-------+----------+-------------------------------------------
     0 | D:1      | Kloppie the Gargoyle Berserker began the quest for the Orb.
     0 | D:1      | Reached XP level 1. HP: 14/14 MP: 1/1
   165 | D:1      | Reached XP level 2. HP: 12/20 MP: 2/2
   557 | D:1      | Reached XP level 3. HP: 24/24 MP: 3/3
   737 | D:1      | Reached ** piety under Trog
   960 | D:2      | Found a sacrificial altar of Ru.
  1351 | D:2      | Reached XP level 4. HP: 28/29 MP: 4/4
  1616 | D:2      | Found a blossoming altar of Fedhas.
  1616 | D:2      | Found a faded altar of an unknown god.
  1637 | D:2      | Slain by a gnoll

Skill      XL: |  1  2  3 |
---------------+----------+-----
Fighting       | 4 |  4.4
Maces & Flails | 4 |  4.7
Armour         | |  2.1
Dodging        | |  1.5

Action                   |  1- 3 |  4- 6 || total
-------------------------+-------+-------++-------
Melee: Mace              |   139 |    65 ||   204
Invok: Berserk           |     3 |     2 ||     5
  Eat: Chunk             |     4 |     2 ||     6
Armor: Animal skin       |     9 |       ||     9
       Leather armour    |    12 |       ||    12
       Chain mail        |    52 |    50 ||   102
Dodge: Dodged            |    80 |    23 ||   103
